Map: Ascension to Aiur LE

Players

Ultimapwn

  • Race: Zerg Zerg
  • League: Gold
  • Spawn Location: 5:00

SoftCatM - Winner!

  • Race: Zerg Zerg
  • League: Gold
  • Spawn Location: 11:00

VOD

Have the link to the VOD?

Description

Time

  • Played on: Dec. 1, 2017, 12:42 p.m.
  • Length: 6:30
Show
View Real Time Build Order
Export as new Build Order

Ultimapwn Zerg 

Build Orders: Pool First 

Get SALT Encoding   

  12  0:01  Drone  
  13  0:12  Overlord  
  13  0:17  Drone  
  14  0:40  Drone  
  14  0:41  Drone x2  
  17  0:47  Spawning Pool  
  16  0:54  Drone  
  17  1:03  Drone  
  18  1:19  Hatchery  
  18  1:21  Drone  
  18  1:33  Extractor  
  18  1:35  Queen  
  18  1:37  Zergling x2  
  18  1:39  Zergling x2  
  21  1:59  Drone  
  21  2:00  Overlord  
  22  2:19  Zergling x4  
  24  2:23  Queen  
  26  2:34  Spine Crawler  
  25  2:38  Queen  
  28  2:49  Spine Crawler  
  28  2:50  Drone x2  
  27  2:51  Zergling x6  
  30  3:10  Zergling x6  
  30  3:11  Zergling x4  
  35  3:19  Drone  
  36  3:22  Metabolic Boost  
  36  3:25  Overlord  
  36  3:48  Zergling x12  
  42  4:02  Zergling x6  
  35  4:27  Roach Warren  
  35  4:31  Zergling x10  
  36  4:32  Zergling x2, Overlord  
  40  4:40  Zergling x8  
  44  4:51  Drone  
  45  4:53  Drone x3  
  48  5:07  Drone x2  
  48  5:08  Overlord x2  
  50  5:24  Zergling x4  
  50  5:25  Overlord  
  45  5:38  Zergling x6  
  38  5:46  Roach x3  
  38  5:47  Roach x3  
  48  5:51  Drone  
  49  6:00  Drone x2  
Show
View Real Time Build Order
Export as new Build Order

SoftCatM Zerg - Winner!

Build Orders: Hatch First 

Get SALT Encoding   

  12  0:01  Drone  
  13  0:12  Overlord  
  13  0:17  Drone  
  14  0:32  Drone  
  14  0:33  Drone  
  16  0:50  Hatchery  
  16  0:53  Drone  
  16  0:58  Drone  
  17  1:13  Spawning Pool  
  17  1:16  Extractor  
  17  1:17  Drone  
  16  1:20  Drone  
  16  1:25  Drone  
  18  1:33  Drone  
  19  1:40  Drone  
  20  1:51  Overlord  
  20  2:00  Queen  
  22  2:02  Queen  
  22  2:03  Drone  
  22  2:07  Drone  
  26  2:14  Drone x2  
  28  2:19  Metabolic Boost  
  28  2:23  Zergling x2  
  28  2:25  Zergling x2  
  30  2:33  Zergling x2  
  31  2:42  Zergling x2  
  32  2:49  Zergling x4  
  34  2:56  Zergling x4  
  36  3:03  Baneling Nest  
  35  3:06  Extractor, Zergling x4  
  36  3:24  Overlord x2  
  36  3:32  Overlord  
  36  3:44  Zergling x8  
  36  3:45  Hatchery  
  36  3:47  Zergling x2  
  40  3:56  Zergling x4  
  40  4:01  Zergling x6  
  40  4:11  Drone  
  40  4:12  Evolution Chamber  
  40  4:19  Zergling x6  
  40  4:20  Zergling x2  
  40  4:23  Drone  
  45  4:26  Baneling x2  
  45  4:27  Baneling  
  45  4:30  Drone  
  46  4:37  Drone  
  46  4:38  Drone  
  48  4:49  Drone x3  
  48  4:52  Overlord  
  52  5:00  Drone  
  52  5:02  Zergling x2  
  52  5:05  Baneling  
  53  5:10  Lair  
  53  5:11  Zergling x2  
  54  5:19  Zergling x6  
  56  5:26  Zergling x2  
  56  5:27  Zergling x6  
  58  5:38  Zergling x6  
  60  5:48  Zergling x4  
  62  5:57  Zergling x4  
  62  5:58  Drone x2  
  62  5:59  Overlord x3  
  65  6:10  Zergling x6  
Tags
 
Add a new tag
Caveats
  • Supply blocks, unpowered buildings, or Contaminate may cause inaccurate times.
  • Supply counts are checked every 10 seconds.